 Dungeon Crawl Stone Soup version 0.18-a0-1789-gbeff17f (webtiles) character file.

1332 graki42 the Covert (level 8, 0/52 HPs)
             Began as a Halfling Assassin on Apr 22, 2016.
             Was an Initiate of Makhleb.
             Slain by a giant frog (8 damage)
             ... on level 6 of the Dungeon.
             The game lasted 00:19:39 (4780 turns).

graki42 the Covert (Halfling Assassin)              Turns: 4780, Time: 00:19:40

Health: 0/52       AC:  4    Str: 11    XL:     8   Next: 92%
Magic:  8/8        EV: 19    Int: 10    God:    Makhleb [......]
Gold:   206        SH:  0    Dex: 22    Spells: 0 memorised, 7 levels left

rFire  . . .     SeeInvis .     a - +2 dagger
rCold  . . .     Gourm    .     m - +0 leather armour (curse)
rNeg   . . .     Faith    .     (shield restricted)
rPois  .         Spirit   .     (no helmet)
rElec  .         Dismiss  .     d - +0 cloak
rCorr  .         Reflect  .     (no gloves)
SustAt .         Harm     .     (no boots)
MR     .....                    (no amulet)
Stlth  ++++++....               o - +4 ring of dexterity
                                F - ring of stealth

@: about to teleport, not resistant to hostile enchantments, very stealthy
A: mutation resistance 1
a: Renounce Religion


You were on level 6 of the Dungeon.
You worshipped Makhleb.
Makhleb was noncommittal.
You were very hungry.

You visited 2 branches of the dungeon, and saw 7 of its levels.

You collected 206 gold pieces.

Inventory:

Hand Weapons
 a - a +2 dagger (weapon)
 b - a +0 blowgun
 H - a +2 dagger of pain
Missiles
 e - 24 poisoned needles
 f - 2 curare-tipped needles
Armour
 c - a +0 robe
 d - a +0 cloak (worn)
 m - a cursed +0 leather armour (worn)
Jewellery
 o - a +4 ring of dexterity (right hand)
 s - an uncursed ring of ice
 z - an uncursed ring of poison resistance
 F - a ring of stealth (left hand)
Scrolls
 h - 2 scrolls of magic mapping {unknown}
 j - 2 scrolls of amnesia {unknown}
 n - a scroll of blinking {unknown}
 p - 2 scrolls of immolation {unknown}
 q - a scroll of noise {unknown}
 u - a scroll of enchant weapon {unknown}
 w - a scroll of recharging {unknown}
 y - a scroll of random uselessness {unknown}
 A - a scroll of enchant armour {unknown}
 C - 3 scrolls of identify
Potions
 k - a potion of degeneration
 t - 2 potions of curing
 B - 2 potions of haste {unknown}
 D - a potion of ambrosia {unknown}
 E - a potion of brilliance {unknown}
Comestibles
 g - 4 bread rations
 i - 5 beef jerkies
 l - 3 slices of pizza
 r - a royal jelly
 v - 3 meat rations
 G - 3 fruits


   Skills:
 + Level 3.4 Fighting
 + Level 5.2 Short Blades
 + Level 4.1 Throwing
 + Level 2.8 Armour
 + Level 5.9 Dodging
 + Level 8.1 Stealth


You had 7 spell levels left.
You didn't know any spells.

Dungeon Overview and Level Annotations

Branches:
Dungeon (6/15)             Temple (1/1) D:5

Altars:
Ashenzari
Elyvilon
Gozag
Makhleb
Okawaru
Ru
Sif Muna
Trog
Xom
The Shining One

Annotations:
D:3 Mefis's ghost, amateur HuWz


Innate Abilities, Weirdness & Mutations

You are small and have problems with some larger weapons.
You are somewhat resistant to further mutation.


Message History

You hit the gnoll.
The gnoll is almost dead.
The gnoll hits you with a club. The gnoll closely misses you.
You hit the gnoll.
You kill the gnoll!
Makhleb accepts your kill.
You barely miss the giant frog. The giant frog hits you. The gnoll misses you.
You hit the giant frog.
The giant frog is lightly wounded.
The giant frog hits you. The gnoll hits you but does no damage.
You hit the giant frog.
The giant frog is lightly wounded.
The giant frog hits you!
* * * LOW HITPOINT WARNING * * *
Read which item? (? for menu, Esc to quit)
As you read the scroll of teleportation, it crumbles to dust.
You feel strangely unstable. The giant frog hits you.
* * * LOW HITPOINT WARNING * * *
The gnoll barely misses you. The giant frog hits you!
You die...

#..........#
##..........#
#...........#
............#####
.........<.......
##........#.....
##...gg.## ...
####F##..... .
#@# .#... #...##
.. #...# . #.#..#
....... ##....!.
. ..... .......


You could see a giant frog and 2 gnolls.

Vanquished Creatures
  Eustachio (D:5)
  Duvessa (D:4)
  2 ogres (D:4)
  2 centaurs
  Dowan (D:4)
  2 scorpions
  A howler monkey (D:5)
  An orc priest (D:4)
  2 jellies (D:5)
  A hound (D:5)
  A centaur skeleton (D:5)
  2 orc wizards
  4 worker ants
  3 iguanas
  A hound skeleton (D:4)
  A worker ant zombie (D:5)
  5 gnolls
  6 adders
  An ooze (D:4)
  An adder skeleton (D:5)
  3 worms
  2 dart slugs
  3 giant geckos
  8 orcs
  2 giant cockroaches
  2 goblins (D:2)
  4 hobgoblins
  5 jackals
  A ball python (D:4)
  3 bats
  3 giant newts
  7 kobolds
  5 rats
87 creatures vanquished.

Notes
Turn   | Place    | Note
--------------------------------------------------------------
     0 | D:1      | graki42 the Halfling Assassin began the quest for the Orb.
     0 | D:1      | Reached XP level 1. HP: 14/14 MP: 1/1
   365 | D:1      | Reached XP level 2. HP: 10/19 MP: 2/2
  1065 | D:2      | Reached skill level 5 in Stealth
  1074 | D:2      | Reached XP level 3. HP: 22/24 MP: 3/3
  1751 | D:2      | Reached XP level 4. HP: 28/29 MP: 4/4
  1997 | D:2      | Found a shattered altar of Ashenzari.
  2033 | D:3      | Noticed Mefis's ghost (amateur HuWz)
  2528 | D:4      | Noticed Duvessa
  2653 | D:4      | Reached XP level 5. HP: 34/34 MP: 5/5
  2676 | D:4      | Noticed an ogre
  2709 | D:4      | Killed an ogre
  2709 | D:4      | Reached skill level 1 in Armour
  2709 | D:4      | Reached skill level 6 in Stealth
  2709 | D:4      | Reached XP level 6. HP: 41/41 MP: 6/6
  2737 | D:4      | Noticed Dowan
  2738 | D:4      | Killed Duvessa
  2749 | D:4      | Killed Dowan
  2749 | D:4      | Reached skill level 7 in Stealth
  2749 | D:4      | Reached XP level 7. HP: 29/45 MP: 7/7
  3607 | D:4      | Reached XP level 8. HP: 52/52 MP: 8/8
  3656 | D:5      | Entered Level 5 of the Dungeon
  3709 | D:5      | Found a staircase to the Ecumenical Temple.
  3715 | Temple   | Entered the Ecumenical Temple
  3772 | Temple   | Became a worshipper of Makhleb the Destroyer
  3876 | D:5      | Noticed Eustachio
  3910 | D:5      | Killed Eustachio
  3910 | D:5      | Reached skill level 5 in Dodging
  3998 | D:5      | Reached skill level 5 in Short Blades
  4517 | D:5      | Reached skill level 8 in Stealth
  4780 | D:6      | Slain by a giant frog

Vault maps used:
D:1:      dpeg_arrival_radiant
D:2:      lemuel_upstairs_altar, first_bread
D:4:      minmay_box_of_dots, uniq_duvessa
D:5:      temple_green, hangedman_decor_slide_cut, uniq_eustachio
D:6:      lemuel_doored_altar, gammafunk_temple_overflow_elements
Temple:   minmay_crystal_snake_temple_18

Skill      XL: |  1  2  3  4  5  6  7  8 |
---------------+-------------------------+-----
Short Blades   | 3 4 5 |  5.2
Stealth        | 5 6 7 8 |  8.1
Fighting       | 2 3 |  3.4
Dodging        | 2 3 4 5 |  5.9
Armour         | 1 2 |  2.8
Throwing       | 3 4 |  4.1

Action                   |  1- 3 |  4- 6 |  7- 9 || total
-------------------------+-------+-------+-------++-------
Melee: Dagger            |    92 |    59 |   257 ||   408
 Fire: Blowgun           |       |     1 |    42 ||    43
  Use: Scroll            |       |     3 |     3 ||     6
       Potion            |       |       |     2 ||     2
 Stab: Sleeping          |     5 |    11 |     7 ||    23
       Distracted        |       |       |     3 ||     3
  Eat: Chunk             |     2 |     4 |     6 ||    12
Armor: Robe              |     4 |       |       ||     4
       Leather armour    |     4 |     7 |    19 ||    30
Dodge: Dodged            |    37 |    26 |   197 ||   260
